 Dungeon Crawl Stone Soup version 0.29.1-2-gbd0b4ee654 (webtiles) character file.

Game seed: 5194809750581726576

2661 Icepheonix32 the Martial Artist (level 9, -6/64 HPs)
             Began as an Octopode Transmuter on Nov 20, 2022.
             Was an Initiate of Gozag.
             Mangled by an orc warrior
             ... wielding a +0 halberd
              (22 damage)
             ... in a bailey on Nov 21, 2022.
             The game lasted 00:12:24 (7834 turns).

Icepheonix32 the Martial Artist (OpTm)              Turns: 7834, Time: 00:12:25

Health: -6/64      AC:  7    Str: 11    XL:     9   Next: 63%
Magic:  9/12       EV: 12    Int: 16    God:    Gozag
Gold:   600        SH:  5    Dex: 14    Spells: 0/12 levels left

rFire   x . .      SeeInvis .     - Unarmed
rCold   + + +      Faith    .   (shield currently unavailable)
rNeg    . . .      Spirit   .   (helmet currently unavailable)
rPois   +          Reflect  +   t - amulet of reflection
rElec   .          Harm     .   (no ring)
rCorr   .          Rampage  .   (no ring)
Will    .....                   (no ring)
Stlth   +.........              (no ring)
HPRegen 0.20/turn               (no ring)
MPRegen 0.13/turn               (no ring)
                                (no ring)
                                (no ring)

@: ice-form, wereblooded, hasted, very quick
A: freezing attack, boosted hp, almost no armour, amphibious, 8 rings, large,
(camouflage 1), (gelatinous body 1), (nimble swimmer 1), (tentacles)
a: End Transformation, Renounce Religion, Potion Petition, Call Merchant, Bribe
Branch


You were in a bailey.
You worshipped Gozag.
Gozag was pleased with you.
You were a creature of crystalline ice.
You visited 2 branches of the dungeon, and saw 8 of its levels.
You also visited: Bailey.

You collected 800 gold pieces.
You spent 88 gold pieces at shops.
You paid 112 gold pieces to Gozag.

Inventory:

Missiles
 a - 7 boomerangs
 s - 11 poisoned darts
Magical Staves
 j - a staff of air
Jewellery
 t - an amulet of reflection (around neck)
Wands
 p - a wand of charming (10)
 q - a wand of polymorph (6)
 v - a wand of mindburst (11)
Scrolls
 b - 2 scrolls of teleportation
 d - a scroll of amnesia
 g - 2 scrolls of poison
 h - a scroll of noise
 l - a scroll of blinking
 m - a scroll of enchant armour
 o - a scroll of fear
 r - a scroll of vulnerability
 u - a scroll of fog
Potions
 c - a potion of degeneration
 e - 3 potions of magic
 f - 2 potions of invisibility {unknown}
 i - a potion of curing
 k - 2 potions of heal wounds
 n - a potion of resistance
 x - a potion of haste
 z - a potion of cancellation {unknown}
 A - a potion of experience
 B - 2 potions of might


   Skills:
 + Level 1.7 Fighting
 + Level 0.1 Throwing
 * Level 6.5 Dodging
 + Level 0.4 Shields
 + Level 8.4 Unarmed Combat
 - Level 2.0 Spellcasting
 + Level 5.7 Transmutations
 * Level 4.3 Ice Magic
 + Level 3.3 Poison Magic
 + Level 0.2 Evocations


You couldn't memorise any spells.
You knew the following spells:

 Your Spells              Type           Power      Damage    Failure   Level
a - Beastly Appendage     Tmut           40%        N/A       1%          1
b - Spider Form           Tmut/Pois      16%        N/A       10%         3
c - Wereblood             Tmut           20%        N/A       3%          2
d - Ice Form              Ice/Tmut       17%        N/A       26%         4
e - Passwall              Tmut/Erth      8%         N/A       10%         2

Your spell library contained the following spells:

 Spells                   Type           Power      Damage    Failure   Level
 Ensorcelled Hibernation  Hex/Ice        16%        N/A       13%         2
 Swiftness                Air            1%         N/A       52%         3
 Fireball                 Conj/Fire      0%         3d3       99%         5
 Starburst                Conj/Fire      0%         6d3       100%        6
 Ignition                 Fire           0%         3d3       100%        8


Dungeon Overview and Level Annotations

Branches:
Dungeon (7/15)             Temple (1/1) D:4          Bailey (1/1)

Altars:
Ashenzari
Elyvilon
Fedhas
Gozag
Kikubaaqudgha
Makhleb
Nemelex Xobeh
Okawaru
Qazlal
Sif Muna
Trog
Uskayaw
Vehumet
Xom
Yredelemnul

Shops:
D:2 !


Innate Abilities, Weirdness & Mutations

You are a creature of crystalline ice.
You have a powerful freezing melee attack.
Your maximum health is increased.
Your armour is entirely melded.
You are incapable of wielding weapons or throwing items.
You cannot wear most types of armour.
You are amphibious.
You can wear up to eight rings at the same time.
((Your skin changes colour to match your surroundings (Stealth+).))
((Your rubbery body absorbs attacks. (AC +1, EV +1)))
((You are camouflaged when in or above water. (Stealth+)))
((You have tentacles for arms and can constrict up to eight enemies at once.))


Message History

There is a huge open gate here.
Casting: Ice Form (quite dangerous; 26% risk of failure)
Confirm with . or Enter, or press ? or * to list all spells.
Your blood is infused with primal strength.
Unknown command.
Found 3 scrolls of enchant weapon.
The orc warrior hits you with a +0 halberd!
The orc warrior hits you with a +0 glaive.
You punch the orc warrior! You freeze the orc warrior.
The orc warrior is heavily wounded.
The orc warrior hits you with a +0 halberd!!
An orc knight comes into view. It is wielding a +0 halberd.
The orc warrior hits you with a +0 glaive!
* * * LOW HITPOINT WARNING * * *
You are too injured to fight recklessly!
You are too injured to fight recklessly!
Unknown command.
You feel much better.
The orc knight roars a battlecry!
The orc warriors go into a battle-frenzy!
The orc warrior hits you with a +0 glaive!
You hit the orc warrior but do no damage.
The orc warrior is heavily wounded.
You block the orc warrior's attack. The orc warrior completely misses you.
Unknown command.
Aiming: Mindburst
Press: ? - help, Shift-Dir - straight line, f - orc warrior
Aim: an orc warrior, wielding a +0 halberd and wearing a +0 chain mail (heavily wounded, strong, chance to affect: 66%)
The orc warrior struggles to resist.
The orc warrior completely misses you. You block the orc warrior's attack.
Unknown command.
You feel yourself speed up.
The orc warrior hits you with a +0 halberd!
The orc warrior hits you with a +0 glaive.
* * * LOW HITPOINT WARNING * * *
An orc warrior comes into view. It is wielding a +0 glaive.
Unknown command.
The orc warrior hits you with a +0 halberd!!
You die...
Your body crumbles into a pile of gold.

##'''##
##..)..##
#.)).)..#
#.)#)#..#
#...)...#
#.......#
#.......#
##.....##
#''Y''#
#...o.#
#....o..#
#.......#
#.......#
#...o...#
#.......#
#.......#
#..?o?..#


You could see an orc knight and 2 orc warriors.

Vanquished Creatures
  Grinder (D:3)
  Prince Ribbit (D:5)
  Sigmund (D:3)
  Menkaure (D:4)
  3 black bears
  4 orc warriors (Bailey)
  2 ogres
  A kobold brigand (D:7)
  A bullfrog (D:7)
  A necrophage (D:6)
  A scorpion (D:4)
  4 wights (D:7)
  A howler monkey (D:6)
  3 hounds
  An orc priest (D:6)
  Ijyb (D:4)
  Jessica (D:2)
  6 iguanas
  6 orc wizards
  Robin (D:4)
  3 gnolls (D:5)
  4 adders
  A shadow imp (D:5)
  3 worms
  3 dart slugs
  24 orcs
  3 bats
  4 endoplasms
  2 giant cockroaches (D:2)
  13 goblins
  7 hobgoblins
  7 jackals
  A quokka (D:1)
  3 ball pythons
  5 frilled lizards
  12 kobolds
  8 rats
144 creatures vanquished.

Vanquished Creatures (collateral kills)
  9 orcs (Bailey)
9 creatures vanquished.

Grand Total: 153 creatures vanquished

Notes
Turn   | Place    | Note
-------+----------+-------------------------------------------
     0 | D:1      | Icepheonix32 the Octopode Transmuter began the quest for
                  | the Orb.
     0 | D:1      | Reached XP level 1. HP: 13/13 MP: 3/3
    93 | D:1      | Found a faded altar of an unknown god.
   378 | D:1      | Reached XP level 2. HP: 16/18 MP: 3/5
  1188 | D:2      | Reached XP level 3. HP: 23/23 MP: 6/6
  1433 | D:2      | Found Veepom's Distillery.
  1439 | D:2      | Bought a potion of heal wounds for 55 gold pieces
  1763 | D:2      | Noticed Jessica
  1769 | D:2      | Killed Jessica
  1770 | D:2      | Reached skill level 4 in Unarmed Combat
  1770 | D:2      | Reached XP level 4. HP: 23/28 MP: 5/7
  2205 | D:3      | Noticed Sigmund
  2214 | D:3      | Killed Sigmund
  2215 | D:3      | Reached skill level 5 in Unarmed Combat
  2215 | D:3      | Reached XP level 5. HP: 33/33 MP: 8/8
  2328 | D:3      | Noticed Grinder
  2337 | D:3      | Killed Grinder
  2338 | D:3      | Reached XP level 6. HP: 12/38 MP: 9/9
  2476 | D:3      | Reached XP level 7. HP: 29/43 MP: 8/10
  2603 | D:3      | Reached skill level 6 in Unarmed Combat
  2996 | D:2      | Bought a potion of curing for 33 gold pieces
  3517 | D:4      | Found a staircase to the Ecumenical Temple.
  3527 | Temple   | Entered the Ecumenical Temple
  3762 | D:4      | Noticed Menkaure
  3769 | D:4      | Killed Menkaure
  4079 | D:4      | Learned a level 3 spell: Spider Form
  4082 | D:4      | Learned a level 2 spell: Wereblood
  4087 | D:4      | Learned a level 4 spell: Ice Form
  4234 | D:4      | Noticed Robin
  4245 | D:4      | Killed Robin
  4476 | D:4      | Noticed Ijyb
  4498 | D:4      | Killed Ijyb
  4499 | D:4      | Reached skill level 1 in Poison Magic
  4499 | D:4      | Reached XP level 8. HP: 33/48 MP: 11/11
  4763 | D:4      | Reached skill level 7 in Unarmed Combat
  4763 | D:4      | Reached skill level 1 in Ice Magic
  4854 | D:4      | Found a hide-covered altar of Uskayaw.
  4854 | D:4      | Found a basalt altar of Yredelemnul.
  4861 | D:4      | Found a radiant altar of Vehumet.
  4863 | D:4      | Found an ancient bone altar of Kikubaaqudgha.
  4865 | D:4      | Found a bloodstained altar of Trog.
  5158 | D:5      | Entered Level 5 of the Dungeon
  5158 | D:5      | Noticed Prince Ribbit
  5182 | D:5      | Killed Prince Ribbit
  5197 | D:5      | Reached skill level 5 in Transmutations
  5205 | D:5      | Reached skill level 5 in Dodging
  6232 | D:6      | Found an opulent altar of Gozag.
  6299 | D:6      | Became a worshipper of Gozag Ym Sagoz the Greedy
  6345 | D:6      | Reached XP level 9. HP: 32/53 MP: 12/12
  7118 | D:7      | Learned a level 2 spell: Passwall
  7173 | D:7      | Reached skill level 8 in Unarmed Combat
  7276 | D:7      | Found a flagged portal.
  7343 | Bailey   | Entered a bailey
  7829 | Bailey   | Noticed an orc knight
  7834 | Bailey   | Mangled by an orc warrior

Illustrated notes

Levels and vault maps discovered:
D:1:      dpeg_arrival_more_subterranean_lakeside_camping, layout_loops_ring,
          shapermc_ecumenical_altar_pompeii
D:2:      layout_loops_ring, serial_shops, nicolae_shop_hallway_plus,
          serial_glass, glass_columns_b, glass_columns_a, feat_on_display,
          uniq_jessica
D:3:      layout_loops_ring, nicolae_kite_square_tiling_tiny,
          minmay_misc_feat_tiny, uniq_sigmund, uniq_grinder
D:4:      layout_gridville, chequers_temple_overflow_minitemple,
          minmay_temple_entry_junction, minivault_1, minivault_11, uniq_ijyb,
          uniq_menkaure, uniq_robin
D:5:      layout_rooms, uniq_prince_ribbit1
D:6:      layout_rooms, nicolae_gozag_cash_rules_everything_around_me
D:7:      layout_gridville, general_overflow_altar, gammafunk_ghost_necromancy,
          enter_bailey_2, minmay_mini_ossuary, uniq_maggie
Temple:   compressed_dpeg_triangle_lava_temple
Bailey:   bailey_polearm_5, bailey

Skill      XL: |  1  2  3  4  5  6  7  8  9 |
---------------+----------------------------+-----
Unarmed Combat | 4 5 6 7 8 |  8.4
Dodging        | 3 4 5 6 |  6.5
Transmutations | 3 4 5 |  5.7
Poison Magic   | 1 3 |  3.3
Ice Magic      | 2 4 |  4.3
Fighting       | |  1.7
Throwing       | |  0.1
Shields        | |  0.4
Spellcasting   | |  2.0
Evocations     | |  0.2

Action                   |  1- 3 |  4- 6 |  7- 9 || total
-------------------------+-------+-------+-------++-------
Melee: Unarmed           |    57 |    25 |   279 ||   361
       Constrict         |    15 |     5 |    32 ||    52
       Tentacles         |     9 |     4 |    19 ||    32
       Kick              |    12 |     4 |    34 ||    50
       Punch             |     3 |       |     7 ||    10
Throw: Boomerang         |       |       |     1 ||     1
       Dart              |       |       |     4 ||     4
 Cast: Beastly Appendage |    19 |     5 |    21 ||    45
       Spider Form       |       |       |    16 ||    16
       Wereblood         |       |       |    12 ||    12
       Ice Form          |       |       |     2 ||     2
Evoke: Wand              |       |       |     7 ||     7
  Use: Scroll            |       |     3 |    10 ||    13
       Potion            |       |     1 |     7 ||     8
 Stab: Sleeping          |     3 |     2 |     2 ||     7
       Distracted        |       |       |     2 ||     2
       Betrayed ally     |       |       |     1 ||     1
Armor: Skin              |     4 |     1 |    12 ||    17
Dodge: Dodged            |    29 |    12 |   211 ||   252
Block: Other             |       |       |    30 ||    30
       Reflection        |       |       |     2 ||     2
